 Dungeon Crawl Stone Soup version 0.23.0 (webtiles) character file.

Game seed: 1817762540657098425

74 H0rd4k the Charlatan (level 4, 0/32 HPs)
             Began as a Human Artificer on Feb 12, 2019.
             Slain by a gnoll
             ... wielding a +0 whip
              (6 damage)
             ... on level 2 of the Dungeon.
             The game lasted 00:02:07 (2034 turns).

H0rd4k the Charlatan (Human Artificer)              Turns: 2034, Time: 00:02:07

Health: 0/32       AC:  3    Str: 13    XL:     4   Next: 54%
Magic:  6/6        EV: 12    Int: 11    God:
Gold:   29         SH:  0    Dex: 14    Spells: 3/3 levels left

rFire    . . .     SeeInvis .   a - +0 short sword
rCold    . . .     Gourm    .   (no shield)
rNeg     . . .     Faith    .   b - +0 leather armour
rPois    .         Spirit   .   (no helmet)
rElec    .         Reflect  .   (no cloak)
rCorr    .         Harm     .   (no gloves)
MR       .....                  (no boots)
Stlth    ++........             (no amulet)
HPRegen  0.10/turn              (no ring)
MPRegen  0.10/turn              (no ring)

@: no status effects
A: no striking features
a: no special abilities


You were on level 2 of the Dungeon.
You were hungry.

You visited 1 branch of the dungeon, and saw 3 of its levels.

You collected 29 gold pieces.

Inventory:

Hand Weapons
 a - a +0 short sword (weapon)
Armour
 b - a +0 leather armour (worn)
 o - a cursed +0 pair of boots
Wands
 c - a wand of flame (13)
 d - a wand of enslavement (15)
 e - a wand of random effects (12)
Scrolls
 g - 3 scrolls of identify {unknown}
 h - a scroll of random uselessness {unknown}
 j - 2 scrolls of fear {unknown}
 l - a scroll of teleportation {unknown}
 m - a scroll of immolation {unknown}
 p - a scroll of fog {unknown}
 r - a scroll of enchant armour {unknown}
Potions
 i - 2 potions of curing {unknown}
 k - a potion of berserk rage {unknown}
 n - a potion of agility {unknown}
 q - a potion of flight {unknown}
Comestibles
 f - 4 rations


   Skills:
 + Level 1.6 Fighting
 + Level 2.1 Short Blades
 + Level 1.5 Armour
 + Level 2.3 Dodging
 + Level 1.4 Stealth
 + Level 3.4 Evocations


You had 3 spell levels left.
You didn't know any spells.
Your spell library was empty.

Dungeon Overview and Level Annotations

Branches:
Dungeon (3/15)

Altars:


Message History

Press: ? - help, Shift-Dir - straight line, f/p - gnoll
Aim: a gnoll, wielding a +0 halberd (almost dead)
The bolt of poison hits the gnoll!
You kill the gnoll!
The bolt of poison hits the goblin!!
You kill the goblin!
Your leather armour prevents you from hitting something.
Something hits you!
You closely miss something. Something hits you.
You closely miss something. Something hits you!
You hit something. Something hits you!
* * * LOW HITPOINT WARNING * * *
Evoke which item? (* to show all) (? for menu, Esc to quit)
Aiming: Throw Flame
Press: ? - help, Shift-Dir - straight line, f - gnoll
Aim: a gnoll, wielding a +0 whip of electrocution The puff of flame hits the gnoll.
The gnoll is heavily wounded.
Something hits you.
You die...

#.#...............##### #.##.
........#...#############.###
.#.#.....#.#.# #....)..#
..#.#.#.###.#.# #.....).# ..
# #.......#.# #.....(.###
#.#.###.#.#######..........
#.#.# #.#.......'..........
.....##########..........
g...ggg{@.#####..........
.....####..............((
..... #############.... .
######## #.... #......# #....
#......# ##### #......#
#......#########
#......†........


You could see 2 gnolls and a hobgoblin.

Vanquished Creatures
  A gnoll (D:2)
  2 adders (D:2)
  2 worms
  A dart slug (D:1)
  A leopard gecko (D:1)
  3 bats (D:1)
  A giant cockroach (D:1)
  5 goblins
  2 hobgoblins (D:1)
  7 jackals
  3 kobolds (D:1)
  A ball python (D:2)
  5 frilled lizards
  7 rats (D:1)
41 creatures vanquished.

Notes
Turn   | Place    | Note
-------+----------+-------------------------------------------
     0 | D:1      | H0rd4k the Human Artificer began the quest for the Orb.
     0 | D:1      | Reached XP level 1. HP: 15/15 MP: 3/3
   138 | D:1      | Reached XP level 2. HP: 18/21 MP: 4/4
   728 | D:1      | Reached XP level 3. HP: 14/26 MP: 5/5
  1010 | D:1      | Reached skill level 1 in Armour
  1851 | D:2      | Reached XP level 4. HP: 32/32 MP: 6/6
  1859 | D:2      | You fall through a shaft!
  2034 | D:2      | Slain by a gnoll

Skill      XL: |  1  2  3  4 |
---------------+-------------+-----
Armour         | 1 |  1.5
Short Blades   | 2 |  2.1
Fighting       | |  1.6
Dodging        | |  2.3
Stealth        | |  1.4
Evocations     | |  3.4

Action                   |  1- 3 |  4- 6 || total
-------------------------+-------+-------++-------
Melee: Short sword       |   148 |    27 ||   175
Evoke: Wand              |       |     5 ||     5
 Stab: Sleeping          |     3 |       ||     3
  Eat: Chunk             |     3 |       ||     3
Armor: Leather armour    |    46 |     3 ||    49
Dodge: Dodged            |   100 |    12 ||   112
